 Dungeon Crawl Stone Soup version 0.29-a0-664-gff9cad4a3d (webtiles) character file.

Game seed: 13413389014291519898

109 wilfster70 the Magician (level 5, 0/35 HPs)
             Began as a Djinni Conjurer on June 22, 2022.
             Slain by a gnoll shaman
             ... wielding a +0 whip
              (7 damage)
             ... on level 3 of the Dungeon.
             The game lasted 00:07:51 (3491 turns).

wilfster70 the Magician (Djinni Conjurer)           Turns: 3491, Time: 00:07:51

Health: 0/35       AC:  3    Str:  6    XL:     5   Next: 13%
Gold:   168        EV: 11    Int: 22    God:
                   SH:  4    Dex: 11

rFire   + + .      SeeInvis .   b - +0 hunting sling
rCold   . . .      Faith    .   l - +0 buckler
rNeg    + . .      Spirit   .   f - +0 robe
rPois   ∞          Reflect  .   (no helmet)
rElec   .          Harm     .   p - +0 cloak
rCorr   .          Rampage  .   (no gloves)
Will    .....                   (boots unavailable)
Stlth   ++........              (no amulet)
HPRegen 0.11/turn               j - ring "Atigazaa" {rC+ rN+}
MPRegen 0.00/turn               (no ring)

@: on blink cooldown, flying
A: sickness immunity, fire resistance 2, cold vulnerability 1, float, innate
caster, HP casting, extra vitality 1
a: no special abilities


You were on level 3 of the Dungeon.
You visited 1 branch of the dungeon, and saw 3 of its levels.

You collected 188 gold pieces.
You spent 20 gold pieces at shops.

Inventory:

Hand Weapons
 a - a +0 dagger
 b - a +0 hunting sling (weapon)
Missiles
 e - 5 poisoned darts
Armour
 f - a +0 robe (worn)
 l - a +0 buckler (worn)
 p - a +0 cloak (worn)
Jewellery
 g - an amulet of regeneration
 j - the ring "Atigazaa" (left hand) {rC+ rN+}
   (You acquired it on level 2 of the Dungeon)

   [ring of protection from cold]

   rC:        It protects you from cold.
   rN:        It protects you from negative energy.
Wands
 n - a wand of charming (14)
Scrolls
 d - a scroll of summoning
Potions
 c - 2 potions of might
 i - a potion of resistance


   Skills:
 - Level 2.1 Dodging
 - Level 1.5 Stealth
 + Level 2.2 Shields
 * Level 4.3 Spellcasting


You couldn't memorise any spells.
You knew the following spells:

 Your Spells              Type           Power      Damage    Failure   Level
a - Magic Dart            Conj           92%        1d7       2%          1
b - Searing Ray           Conj           46%        2d6       3%          2
c - Dazzling Flash        Conj/Hex       46%        N/A       7%          3
d - Fulminant Prism       Conj/Hex       11%        3d9       24%         4
e - Iskenderun's Mystic   Conj/Tloc      23%        2d6       24%         4
f - Summon Small Mammal   Summ           92%        N/A       2%          1
g - Blink                 Tloc           46%        N/A       3%          2
Your spell library was empty.

Dungeon Overview and Level Annotations

Branches:
Dungeon (3/15)

Altars:
Elyvilon
Gozag
Trog

Shops:
D:1 ?


Innate Abilities, Weirdness & Mutations

You are immune to sickness and miasma.
You are immune to poison.
Your flesh is very heat resistant. (rF++)
You are vulnerable to cold. (rC-)
You float through the air rather than walking.
You learn spells naturally, not from books.
Your magical power is your life essence.
You have superior vitality. (+4 MHP)


Message History

The gnoll hits you with a +0 whip.
The gnoll falls through a shaft!
The shaft crumbles and collapses.
The gnoll attacks as you move away! The gnoll hits you but does no damage.
Found a ring mail.
Casting: Dazzling Flash (dangerous; 8% risk of failure)
Confirm with . or Enter, or press ? or * to list all spells.
Aiming: Searing Ray (safe; 3% risk of failure)
Press: ? - help, Shift-Dir - straight line, f - gnoll
Aim: a gnoll, wielding a +0 club (fast, blind, 81% to hit)
The searing ray hits the gnoll.
The gnoll is heavily wounded. (Press . to maintain the ray.)
A giant cockroach comes into view.
The gnoll hits you with a +0 club.
The searing ray hits the gnoll!
The gnoll is heavily wounded.
The searing ray misses the gnoll.
The gnoll is no longer blind.
The gnoll hits you with a +0 club. You block the gnoll's attack.
The searing ray hits the gnoll!
You kill the gnoll!
The searing ray hits the gnoll!
The gnoll is heavily wounded.
The searing ray hits the gnoll shaman.
The gnoll shaman is heavily wounded.
* * * LOW HITPOINT WARNING * * *
The gnoll barely misses you. The gnoll hits you with a +0 club!
* * * LOW HITPOINT WARNING * * *
Casting: Searing Ray (safe; 3% risk of failure)
Confirm with . or Enter, or press ? or * to list all spells.
You don't have enough health to cast this spell.
Unknown command.
You feel better. The gnoll hits you with a +0 club.
* * * LOW HITPOINT WARNING * * *
Casting: Searing Ray (safe; 3% risk of failure)
Confirm with . or Enter, or press ? or * to list all spells.
You blink.
* * * LOW HITPOINT WARNING * * *
The gnoll shaman is no longer blind.
The hobgoblin barely misses you.
The gnoll shaman hits you with a +0 whip!
You die...

##∩#⌠#####.....###
#⌠...∩...........#
##∩#⌠###########.#
##.###.... .# .#
##...##... .# #
#⌠.⌠.⌠#..####.#
##...##.g)....#
##_##...#gg..#
###....#..@.#
#......#...g#
#......'....'.
#.######....#...
[.. #..B.#..... ##
#....# .... #....#
... #....# ...


You could see a gnoll shaman, 2 gnolls, a giant cockroach and a hobgoblin.

Vanquished Creatures
  2 gnolls (D:3)
  2 adders
  3 worms
  A dart slug (D:1)
  5 endoplasms
  2 giant cockroaches (D:3)
  3 goblins
  7 hobgoblins
  7 jackals
  5 kobolds
  4 quokkas
  6 bats
  3 frilled lizards
  4 rats
54 creatures vanquished.

Notes
Turn   | Place    | Note
-------+----------+-------------------------------------------
     0 | D:1      | wilfster70 the Djinni Conjurer began the quest for the Orb.
     0 | D:1      | wilfster70 set off with the following spells memorised:
                  | Magic Dart, Searing Ray, Dazzling Flash, Fulminant Prism,
                  | Iskenderun's Mystic Blast.
     0 | D:1      | Reached XP level 1. HP: 15/15 MP: 0/0
    64 | D:1      | You are sucked into a shaft and drop 1 floor!
   120 | D:1      | Reached XP level 2. HP: 2/21 MP: 0/0
   495 | D:1      | Reached skill level 1 in Shields
   785 | D:1      | Reached XP level 3. HP: 9/25 MP: 0/0
   785 | D:1      | Learned a level 1 spell: Summon Small Mammal
  1196 | D:1      | Found Dobbo's Magic Scroll Shoppe.
  1213 | D:1      | Bought a scroll of identify for 20 gold pieces
  1809 | D:1      | Found a faded altar of an unknown god.
  1900 | D:2      | Reached XP level 4. HP: 17/31 MP: 0/0
  1907 | D:2      | Reached skill level 4 in Spellcasting
  2424 | D:2      | Found a white marble altar of Elyvilon.
  2766 | D:2      | Identified a scroll of acquirement
  2766 | D:2      | Acquired the ring "Atigazaa" {rC+ rN+}
  3219 | D:3      | Found an opulent altar of Gozag.
  3219 | D:3      | Found a bloodstained altar of Trog.
  3480 | D:3      | Reached XP level 5. HP: 29/35 MP: 0/0
  3480 | D:3      | Learned a level 2 spell: Blink
  3491 | D:3      | Slain by a gnoll shaman

Illustrated notes

Levels and vault maps discovered:
D:1:      dpeg_arrival_simpleton_c, layout_loops_cross, serial_shops,
          nicolae_shop_hallway_plus, ebering_ecumenical_altar_petrified
D:2:      layout_basic, basic_altar
D:3:      layout_basic, amethyst_overflow_temple_binary

Skill      XL: |  1  2  3  4 |
---------------+-------------+-----
Shields        | 1 2 |  2.2
Spellcasting   | 4 |  4.3
Dodging        | |  2.1
Stealth        | |  1.5

Action                   |  1- 3 |  4- 6 || total
-------------------------+-------+-------++-------
Melee: Unarmed           |     2 |     3 ||     5
 Fire: Hunting sling     |       |    27 ||    27
 Cast: Magic Dart        |    36 |    28 ||    64
       Searing Ray       |    10 |     9 ||    19
       Dazzling Flash    |       |     4 ||     4
       Blink             |       |     1 ||     1
  Use: Scroll            |     4 |     8 ||    12
       Potion            |       |     1 ||     1
 Stab: Sleeping          |       |     1 ||     1
Armor: Robe              |     7 |     9 ||    16
Dodge: Dodged            |    39 |    19 ||    58
Block: Buckler           |       |     5 ||     5

Table legend: (Time is in decaauts)
 A = Elapsed time spent in this place.
 B = Non-inter-level travel time spent in this place.
 C = Inter-level travel time spent in this place.
 D = Time resting spent in this place.
 E = Time spent auto-exploring this place.
 F = Levels seen in this place.
 G = Mean time per level.
                   A        B        C        D        E       F      G
               +--------+--------+--------+--------+--------+-----+--------+
         Total |   3502 |   3458 |     44 |   1521 |   1137 |   3 | 1167.3 |
       Dungeon |   3502 |   3458 |     44 |   1521 |   1137 |   3 | 1167.3 |
               +--------+--------+--------+--------+--------+-----+--------+

Top non-repeatable levels by time:
     D:1: 1833 daAuts
     D:2: 1022 daAuts
     D:3: 647 daAuts
